 Dungeon Crawl Stone Soup version 0.20-a0-1026-gc3ddcbd (webtiles) character file.

11 Gorglomux the Sneak (level 2, -3/22 HPs)
             Began as a Mummy Assassin on Apr 20, 2017.
             Slain by a seven-headed hydra (11 damage)
             ... on level 1 of the Dungeon.
             The game lasted 00:01:41 (5089 turns).

Gorglomux the Sneak (Mummy Assassin)                Turns: 5089, Time: 00:01:42

Health: -3/22      AC:  3    Str: 14    XL:     2   Next: 17%
Magic:  3/3        EV: 11    Int: 10    God:
Gold:   22         SH:  0    Dex: 13    Spells: 2/2 levels left

rFire    x . .     SeeInvis .   b - +0 blowgun
rCold    + . .     Gourm    .   (no shield)
rNeg     + + +     Faith    .   c - +0 robe
rPois    ∞         Spirit   .   (no helmet)
rElec    .         Reflect  .   d - +0 cloak
rCorr    .         Harm     .   (no gloves)
MR       .....                  (no boots)
Stlth    ++........             (no amulet)
Regen    0.1/turn               (no ring)
MPRegen  0.1/turn               (no ring)

@: no status effects
A: no food or potions, fire vulnerability, cold resistance 1, negative energy
resistance 3, torment resistance, unbreathing
a: no special abilities


You were on level 1 of the Dungeon.
You were not hungry.

You visited 1 branch of the dungeon, and saw 1 of its levels.

You collected 22 gold pieces.

Inventory:

Hand Weapons
 a - a +2 dagger
 b - a +0 blowgun (weapon)
Missiles
 e - 7 poisoned needles (quivered)
 f - a curare-tipped needle
Armour
 c - a +0 robe (worn)
 d - a +0 cloak (worn)
Scrolls
 g - a scroll of remove curse {unknown}
 h - a scroll of amnesia {unknown}
 i - a scroll of identify {unknown}
 j - a scroll of fear {unknown}


   Skills:
 + Level 2.0 Fighting
 * Level 1.8 Short Blades
 - Level 1.5 Throwing
 + Level 0.8 Dodging
 + Level 3.4 Stealth
 + Level 0.8 Spellcasting


You had 2 spell levels left.
You didn't know any spells.

Dungeon Overview and Level Annotations

Branches:
Dungeon (1/15)

Altars:


Innate Abilities, Weirdness & Mutations

You do not eat or drink.
Your flesh is vulnerable to fire.
You are immune to poison.
Your flesh is cold resistant. (rC+)
You are immune to negative energy. (rN+++)
You are immune to unholy pain and torment.
You can survive without breathing.


Message History

There is an open door here.
The jackal barks!
You hit the bat. The bat hits you but does no damage.
A goblin comes into view. It is wielding a dagger.
The bat barely misses you.
The goblin shouts!
You hit the bat.
You kill the bat!
The jackal completely misses you.
The jackal bites you but does no damage.
You hit the jackal. The jackal barely misses you.
You barely miss the jackal. The jackal misses you.
You closely miss the jackal.
The jackal bites you but does no damage.
The jackal misses you.
You hit the jackal but do no damage. The jackal misses you.
The goblin hits you but does no damage.
The jackal barks!
You hit the jackal.
You kill the jackal!
You have reached level 2!
The goblin barely misses you.
You regained 6 hp, and now have 21/22 hp.
MP restored: 2 Unknown command.
You hit the goblin.
You kill the goblin!
You hit the jackal. The jackal bites you. The jackal closely misses you.
You take 1 damage, and have 20/22 hp.
You closely miss the jackal.
The jackal bites you but does no damage.
You miss the jackal. The jackal closely misses you.
You hit the jackal.
You kill the jackal!
No target in view!
You start resting.
Health restored: 22 You see here a dagger.
i - a scroll labeled MITONANL BUTE
j - a scroll labeled ETAOGG WIFYGH A bat comes into view.
A bat is nearby!
The helpless bat fails to defend itself.
You puncture the bat!
You kill the bat!
No target in view!
You open the door.
There is an open door here.
A hobgoblin comes into view.
MP restored: 3 A hobgoblin is nearby!
A seven-headed hydra comes into view.
A bat comes into view.
The bat moves out of view.
The seven-headed hydra roars!
The hobgoblin shouts!
Unknown command.
The bat hits you but does no damage. The bat hits you but does no damage. x2
The bat hits you. The bat barely misses you.
You take 1 damage, and have 21/22 hp.
The bat hits you but does no damage. The bat hits you but does no damage.
The bat barely misses you. The bat hits you but does no damage.
The bat barely misses you. The bat hits you but does no damage.
The bat closely misses you. Health restored: 22 The bat misses you.
The bat barely misses you. The bat barely misses you.
The bat closely misses you. The bat hits you but does no damage.
The bat closely misses you. The bat hits you but does no damage.
The bat hits you but does no damage. The bat barely misses you.
The bat hits you but does no damage. The bat closely misses you.
The bat hits you but does no damage. The bat closely misses you.
The bat hits you. x2
You take 2 damage, and have 20/22 hp.
The bat barely misses you. The bat closely misses you.
The bat barely misses you.
You don't know any spells.
Unknown command.
b - a +0 blowgun (weapon)
Wield which item (- for none, * to show all)? (? for menu, Esc to quit)
Okay, then.
Aim: a seven-headed hydra You shoot a curare-tipped needle.
The curare-tipped needle hits the seven-headed hydra.
Aim: a seven-headed hydra You shoot a poisoned needle.
The poisoned needle hits the seven-headed hydra.
The seven-headed hydra bites you!
Ouch! That really hurt!
The seven-headed hydra bites you but does no damage.
The seven-headed hydra bites you!
Ouch! That really hurt!
You die...

#. #. . '.'.' . #. #. #.#.#
.# #. . #.#.# . #g #.#.#.#.#
#. #.#.#.#.# #. ###..#..# #.
#@##.#.##########.
#.Dg..............
#################. ####
♣♣♣♣♣ #. ##..#######...♣♣♣
#.
#....#..........♣♣♣♣#######.
#<...#......................
##..#######.................
#)##...................###.


You could see a seven-headed hydra and a hobgoblin.

Vanquished Creatures
  2 bats (D:1)
  2 goblins (D:1)
  4 jackals (D:1)
  A kobold (D:1)
9 creatures vanquished.

Notes
Turn   | Place    | Note
-------+----------+-------------------------------------------
     0 | D:1      | Gorglomux the Mummy Assassin began the quest for the Orb.
     0 | D:1      | Reached XP level 1. HP: 16/16 MP: 1/1
  4933 | D:1      | Reached XP level 2. HP: 21/22 MP: 2/2
  5058 | D:1      | Noticed a seven-headed hydra
  5089 | D:1      | Slain by a seven-headed hydra

Vault maps used:
D:1:      sevenhm_arrival_forest_fort_large_4, interstate_on_off,
          minmay_hexomino_c4

Action                   || total
-------------------------++-------
Melee: Dagger            ||    30
 Fire: Blowgun           ||     2
 Stab: Sleeping          ||     1
Armor: Robe              ||    21
Dodge: Dodged            ||    33

Vault maps used:
D:1:      sevenhm_arrival_forest_fort_large_4, interstate_on_off,
          minmay_hexomino_c4

Table legend:
 A = Turns spent in this place as a percentage of turns spent in the entire game.
 B = Non-inter-level travel turns spent in this place as a percentage of non-inter-level travel turns spent in the entire game.
 C = Inter-level travel turns spent in this place as a percentage of turns spent in this place.
 D = Turns resting spent in this place as a percentage of non-inter-level travel turns spent in this place.
 E = Turns spent auto-exploring this place as a percentage of non-inter-level travel turns spent in this place.
 F = Non-inter-level travel turns spent in this place divided by the number of levels of this place that you've seen.
                   A       B       C       D       E      F
               +-------+-------+-------+-------+-------+----------------------
         Total | 100.0 | 100.0 |   0.0 |  27.7 |   2.7 | 224.0
       Dungeon | 100.0 | 100.0 |   0.0 |  27.7 |   2.7 | 224.0
               +-------+-------+-------+-------+-------+----------------------

Table legend:
 A = Kills in this place as a percentage of kills in entire the game.
 B = Kills by you in this place as a percentage of kills by you in the entire game.
 C = Kills by friends in this place as a percentage of kills by friends in the entire game.
 D = Other kills in this place as a percentage of other kills in the entire game.
 E = Experience gained in this place as a percentage of experience gained in the entire game.
 F = Experience gained in this place divided by the number of levels of this place that you have seen.
                   A       B       C       D       E      F
               +-------+-------+-------+-------+-------+----------------------
         Total | 100.0 | 100.0 |  -nan |  -nan | 100.0 |  17.0
       Dungeon | 100.0 | 100.0 |  -nan |  -nan | 100.0 |  17.0
               +-------+-------+-------+-------+-------+----------------------
